 Dungeon Crawl Stone Soup version 0.32-a0-799-g95e1662365 (webtiles) character file.

Game seed: 13345580076925853976

11151 Orlauf the Cleaver (level 11, -3/89 HPs)
             Began as a Demonspawn Gladiator on Mar 21, 2024.
             Was a Believer of Uskayaw.
             Engulfed by a smoke demon's steam (13 damage)
             ... summoned by a kobold demonologist
             ... on level 11 of the Dungeon.
             The game lasted 00:19:11 (10833 turns).

Orlauf the Cleaver (Demonspawn Gladiator)          Turns: 10833, Time: 00:19:12

Health: -3/89      AC: 22    Str: 25    XL:     11   Next: 45%
Magic:  17/17      EV:  7    Int:  8    God:    Uskayaw [**....]
Gold:   581        SH:  0    Dex: 15    Spells: 10/10 levels left

rFire   . . .        a - +1 war axe (elec)
rCold   . . .        (no shield)
rNeg    . . .        z - +0 plate armour
rPois   +            (helmet unavailable)
rElec   .            g - +1 cloak
rCorr   .            v - +0 pair of gloves
SInv    .            y - +2 pair of boots
Will    .....        (no amulet)
Stlth   x              - +6 ring of strength
HPRegen 0.34/turn    p - ring of poison resistance
MPRegen 0.30/turn

%: no passive effects
@: on fire, glowing
A: horns 3, yellow scales 2, magic regeneration
a: Renounce Religion, Stomp, Line Pass


You were on level 11 of the Dungeon.
You worshipped Uskayaw.
Uskayaw was aware of your devotion.
You visited 1 branch of the dungeon, and saw 11 of its levels.
You also visited: Sewer.

You collected 581 gold pieces.

Inventory:

Hand Weapons
 a - a +1 war axe of electrocution (weapon)
 b - a +0 morningstar
 h - the +4 spear "Jumos" {vamp, *Slow rElec rC+++ Dex-2}
   (You found it on level 3 of the Dungeon)

   Dex-2:     It affects your dexterity (-2).
   rC+++:     It renders you almost immune to cold.
   rElec:     It insulates you from electricity.
   *Slow:     It may slow you when you take damage.
 H - a +3 battleaxe
Missiles
 d - 4 throwing nets
 e - 7 javelins
 j - 53 poisoned darts
 J - 6 curare-tipped darts
 V - 4 silver javelins
Armour
 c - a +2 buckler
 g - a +1 cloak (worn)
 v - a +0 pair of gloves (worn)
 y - a +2 pair of boots (worn)
 z - a +0 plate armour (worn)
Jewellery
 p - a ring of poison resistance (right hand)
 x - a +6 ring of strength (left hand)
 F - a +6 ring of intelligence
 I - a +6 ring of intelligence
 K - a ring of willpower
 R - a ring of flight
 W - a ring of resist corrosion
Wands
 i - a wand of polymorph (7)
 k - a wand of flame (9)
 G - a wand of paralysis (14) (quivered)
 N - a wand of quicksilver (24)
Scrolls
 m - 9 scrolls of teleportation
 n - 4 scrolls of fog
 r - 4 scrolls of enchant armour
 w - 3 scrolls of blinking
 A - a scroll of poison
 C - 5 scrolls of fear
 E - 3 scrolls of amnesia
 L - a scroll of enchant weapon
 O - a scroll of immolation
 U - a scroll of revelation
Potions
 f - 3 potions of resistance
 l - 2 potions of lignification
 o - a potion of haste
 q - a potion of invisibility
 s - 2 potions of curing
 t - 4 potions of might
 u - a potion of magic
 B - 2 potions of heal wounds
 D - 3 potions of attraction
 M - 2 potions of enlightenment
 P - a potion of mutation
 Q - a potion of cancellation
 S - a potion of berserk rage
 T - 5 potions of ambrosia


   Skills:
 + Level 9.2 Fighting
 * Level 11.8 Axes
 - Level 1.7 Throwing
 + Level 6.7 Armour
 - Level 2.6 Dodging
 + Level 8.4 Invocations


You had 10 spell levels left.
You didn't know any spells.
Your spell library contained the following spells:

 Spells                   Type           Power      Damage    Failure   Level
 Freeze                   Ice            0%         1d3       99%         1
 Necrotise                Necr           0%         1d4       99%         1
 Ensorcelled Hibernation  Hex/Ice        0%         N/A       100%        2
 Jinxbite                 Hex            0%         N/A       100%        2
 Lesser Beckoning         Tloc           0%         N/A       100%        2
 Mercury Vapours          Alch/Air       0%         N/A       100%        2
 Frozen Ramparts          Ice            0%         1d1       100%        3
 Gell's Gravitas          Tloc           0%         N/A       100%        3
 Hailstorm                Conj/Ice       0%         3d5       100%        3
 Mephitic Cloud           Conj/Alch/Air  0%         N/A       100%        3
 Passwall                 Erth           0%         N/A       100%        3
 Swiftness                Air            0%         N/A       100%        3
 Teleport Other           Tloc           0%         N/A       100%        3
 Vampiric Draining        Necr           0%         2d6       100%        3
 Martyr's Knell           Necr/Summ      0%         N/A       100%        4
 Curse of Agony           Necr           0%         N/A       100%        5
 Freezing Cloud           Conj/Ice/Air   0%         6-21      100%        5
 Yara's Violent Unravell  Hex/Alch       0%         3d3       100%        5
 Enfeeble                 Hex            0%         N/A       100%        7


Dungeon Overview and Level Annotations

Branches:
Dungeon (11/15)            Temple (0/1) D:6            Lair (0/5) D:9
  Sewer (visited)
    Orc: D:9-12

Altars:
Cheibriados
Hepliaklqana
Kikubaaqudgha
Ru
Uskayaw

Shops:
D:3 ?   D:8 =

Annotations:
D:9 1 runed translucent door, Griffin23's ghost, novice MiFi


Innate Abilities, Weirdness & Mutations

You have a pair of large horns on your head.
You are mostly covered in yellow scales. (AC +3)
You regenerate magic rapidly.


Message History

The sixfirhy hits you but does no damage.
The sixfirhy hits you. The sixfirhy shocks you!
The sixfirhy hits you but does no damage.
The sixfirhy hits you. The sixfirhy shocks you!
You miss the sixfirhy. The smoke demon barely misses you.
The smoke demon hits you but does no damage. x2
The kobold demonologist mumbles some strange words.
You hit the kobold demonologist but do no damage.
Lightning courses through the kobold demonologist!!
Your headbutt misses the kobold demonologist.
The kobold demonologist is heavily wounded.
You hit the smoke demon. You hit the sixfirhy.
The sixfirhy hits you but does no damage.
The smoke demon gestures at you. The ball of steam hits you!
The kobold demonologist hits you but does no damage.
The sixfirhy hits you! The sixfirhy shocks you!
You slash the kobold demonologist! You headbutt the kobold demonologist.
The kobold demonologist is severely wounded.
You barely miss the smoke demon. You completely miss the sixfirhy.
You are engulfed in a cloud of scalding steam.
The sixfirhy hits you. The sixfirhy shocks you!
* * * LOW HITPOINT WARNING * * *
The sixfirhy hits you but does no damage.
The sixfirhy hits you.
* * * LOW HITPOINT WARNING * * *
The sixfirhy shocks you!
* * * LOW HITPOINT WARNING * * *
The smoke demon gestures at you. The pyre arrow hits you.
You are covered in intense liquid fire!
The kobold demonologist barely misses you.
You can now pass through a line of other dancers.
You hit the kobold demonologist.
The kobold demonologist is severely wounded.
You hit the sixfirhy. You slash the smoke demon!
You are engulfed in a cloud of scalding steam.
You die...
Your body falls in perfect tune with the rhythm.

##################
.....$..§§§.......
........§.§§....#
........§§§.§...#
.....5.§..§.§...#
.....5K@§§......##
.....533..........
.....#####'############
.... #................+
### #................#
#................#
#................#
#................#
#######..........#


You could see a kobold demonologist, a sixfirhy (summoned), a smoke demon
(summoned), an iron imp (summoned) and 2 crimson imps.

Vanquished Creatures
  A death yak (D:9)
  A two-headed ogre (D:10)
  Pikel (D:9)
  Psyche (D:8)
  An unseen horror zombie (D:8)
  3 kobold demonologists (D:11)
  A queen bee (D:10)
  Sigmund (D:2)
  2 wyverns
  4 steam dragons
  7 yaks
  Menkaure (D:6)
  Duvessa (D:6)
  3 black bears
  4 orc warriors
  2 hornet zombies (D:8)
  3 centaurs (D:7)
  2 lemures (D:9)
  2 phantoms (D:6)
  9 kobold brigands
  2 brain worms (Sewer)
  2 scorpions
  5 bullfrogs
  A wyvern zombie (D:8)
  10 wights
  Dowan (D:6)
  28 killer bees
  4 howler monkeys
  A bombardier beetle (D:2)
  8 centaur zombies (D:8)
  A gnoll bouda (D:4)
  2 orc priests (D:9)
  5 hounds
  2 jellies
  4 iguanas
  3 sleepcaps
  Jessica (D:2)
  Natasha (thrice) (D:2)
  7 orc wizards
  3 killer bee zombies (D:8)
  17 gnolls
  13 adders
  4 river rats (Sewer)
  A white imp (D:7)
  8 ufetubi
  A dart slug (D:5)
  4 ribbon worms
  38 orcs
  9 ball pythons
  5 endoplasms
  7 giant cockroaches
  8 goblins
  7 hobgoblins
  2 jackals (Sewer)
  46 kobolds
  4 quokkas
  6 bats
  7 frilled lizards
  7 rats
337 creatures vanquished.

Notes
Turn   | Place    | Note
-------+----------+-------------------------------------------
     0 | D:1      | Orlauf the Demonspawn Gladiator began the quest for the
                  | Orb.
     0 | D:1      | Reached XP level 1. HP: 16/16 MP: 1/1
   150 | D:1      | Reached skill level 3 in Axes
   195 | D:1      | Gained mutation: You have a pair of small horns on your
                  | head. [demonic ancestry]
   195 | D:1      | Reached XP level 2. HP: 22/22 MP: 2/2
   739 | D:1      | Reached XP level 3. HP: 13/28 MP: 3/3
  1175 | D:2      | Noticed Natasha
  1185 | D:2      | HP: 1/28 [Natasha (1)]
  1187 | D:2      | Killed Natasha
  1188 | D:2      | Reached skill level 4 in Axes
  1188 | D:2      | Gained mutation: You regenerate magic rapidly. [demonic
                  | ancestry]
  1188 | D:2      | Reached XP level 4. HP: 3/35 MP: 4/4
  1426 | D:2      | Noticed Natasha
  1442 | D:2      | Killed Natasha
  1446 | D:2      | Noticed Natasha
  1454 | D:2      | Killed Natasha
  1455 | D:2      | Gained mutation: You have a pair of horns on your head.
                  | [demonic ancestry]
  1455 | D:2      | Reached XP level 5. HP: 24/41 MP: 5/5
  1561 | D:2      | Noticed Sigmund
  1571 | D:2      | Killed Sigmund
  1572 | D:2      | Reached skill level 5 in Axes
  1572 | D:2      | Gained mutation: You are partially covered in yellow
                  | scales. (AC +2) [demonic ancestry]
  1572 | D:2      | Reached XP level 6. HP: 12/48 MP: 6/6
  2042 | D:2      | Noticed Jessica
  2047 | D:2      | Killed Jessica
  2459 | D:3      | Found a glowing drain.
  2463 | Sewer    | Entered a sewer
  2517 | Sewer    | Reached skill level 6 in Axes
  2765 | Sewer    | Gained mutation: You have a pair of large horns on your
                  | head. [demonic ancestry]
  2765 | Sewer    | Reached XP level 7. HP: 41/55 MP: 7/7
  2963 | Sewer    | Reached skill level 5 in Fighting
  3580 | D:3      | Found Hemohum's Magic Scroll Shop.
  3857 | D:3      | Found a faded altar of an unknown god.
  4196 | D:3      | Identified the +4 spear "Jumos" {vamp, *Slow rElec rC+++
                  | Dex-2}
  4259 | D:4      | Found an ancient bone altar of Kikubaaqudgha.
  4299 | D:4      | Reached skill level 7 in Axes
  4378 | D:4      | Reached skill level 1 in Armour
  4752 | D:4      | Reached XP level 8. HP: 57/63 MP: 8/8
  5143 | D:5      | Entered Level 5 of the Dungeon
  5408 | D:5      | Reached skill level 8 in Axes
  5909 | D:6      | Noticed a +0 hand axe
  5909 | D:6      | Noticed a +0 dagger
  5911 | D:6      | Found a hide-covered altar of Uskayaw.
  5925 | D:6      | Became a worshipper of Uskayaw the Reveller
  5966 | D:6      | Reached * piety under Uskayaw
  5968 | D:6      | Reached ** piety under Uskayaw
  5975 | D:6      | Reached *** piety under Uskayaw
  5977 | D:6      | Reached skill level 1 in Invocations
  6024 | D:6      | Reached **** piety under Uskayaw
  6026 | D:6      | Reached XP level 9. HP: 39/71 MP: 10/10
  6249 | D:6      | Found a staircase to the Ecumenical Temple.
  6319 | D:6      | Noticed Menkaure
  6323 | D:6      | Killed Menkaure
  6529 | D:6      | Noticed Duvessa
  6529 | D:6      | Noticed Dowan
  6536 | D:6      | Killed Duvessa
  6537 | D:6      | Reached skill level 9 in Axes
  6544 | D:6      | Killed Dowan
  6683 | D:6      | Found a snail-covered altar of Cheibriados.
  7629 | D:8      | Found a sacrificial altar of Ru.
  7843 | D:8      | Reached skill level 5 in Invocations
  7843 | D:8      | Gained mutation: You are mostly covered in yellow scales.
                  | (AC +3) [demonic ancestry]
  7843 | D:8      | Reached XP level 10. HP: 61/79 MP: 13/13
  7845 | D:8      | Reached skill level 10 in Axes
  7907 | D:8      | Noticed Psyche
  7912 | D:8      | Killed Psyche
  7913 | D:8      | Reached skill level 5 in Armour
  8161 | D:8      | Reached ***** piety under Uskayaw
  8409 | D:8      | Found Tietzat's Jewellery Emporium.
  8815 | D:9      | Noticed a death yak
  8817 | D:9      | Found a staircase to the Lair.
  8835 | D:9      | Killed a death yak
  8849 | D:9      | Reached ****** piety under Uskayaw
  8999 | D:9      | Reached skill level 11 in Axes
  9119 | D:9      | Found a runed translucent door.
  9119 | D:9      | Noticed Griffin23's ghost (novice MiFi)
  9410 | D:9      | Noticed Pikel
  9421 | D:9      | Killed Pikel
  9682 | D:10     | Entered Level 10 of the Dungeon
  9814 | D:10     | Reached XP level 11. HP: 85/87 MP: 16/16
 10141 | D:10     | Found a hazy altar of Hepliaklqana.
 10506 | D:10     | Noticed a two-headed ogre
 10514 | D:10     | Killed a two-headed ogre
 10827 | D:11     | Noticed a sixfirhy
 10833 | D:11     | Engulfed by a smoke demon's steam

Illustrated notes

Levels and vault maps discovered:
D:1:      nagdon_arrival_double_spiral, layout_basic, minmay_misc_feat_plants,
          minmay_tetromino_t2
D:2:      minmay_general_purpose_star, layout_rooms, item_on_display_a,
          uniq_sigmund, uniq_natasha, uniq_jessica
D:3:      layout_basic, serial_shops, shop, basic_ecumenical_altar,
          gup_sewer_entry_spiral
D:4:      layout_loops_cross, nicolae_kikubaaqudgha_miasma_corner
D:5:      layout_loops_ring, st_stairs_11
D:6:      layout_gridville, kennysheep_mini_moat, dancing_weapons_uskayaw,
          minmay_temple_entry_antechambers, uniq_duvessa, uniq_menkaure
D:7:      layout_loops_cross
D:8:      layout_basic, mainiacjoe_overflow_alcove_4, serial_undead,
          serial_undead_b, serial_undead_d, serial_undead_e, serial_undead_d,
          serial_undead_b, serial_undead_e, serial_shops, shop, st_stairs_6,
          kennysheep_generic_room_6, uniq_psyche
D:9:      layout_roguey, dpeg_lair_monsters, hellmonk_ghost_happy_afterlife,
          dk_vineyard_1, uniq_pikel
D:10:     layout_gridville, nicolae_hepliaklqana_hazy_memory, special_room
          [special_room_bee]
D:11:     layout_stronghold, erik_orc_1, nicolae_trove_entry_free_sample,
          uniq_lodul

Skill      XL: |  1  2  3  4  5  6  7  8  9 10 11 |
---------------+----------------------------------+-----
Axes           | 3 4 5 6 7 8 9 11 | 11.8
Fighting       | 3 4 5 6 7 8 9 |  9.2
Armour         | 1 3 4 6 |  6.7
Invocations    | 1 5 7 8 |  8.4
Throwing       | |  1.7
Dodging        | |  2.6

Action                     |  1- 3 |  4- 6 |  7- 9 | 10-12 || total
---------------------------+-------+-------+-------+-------++-------
  Melee: War axe           |    77 |   123 |   292 |   237 ||   729
         Headbutt          |     9 |    21 |    59 |    36 ||   125
         Unarmed           |       |       |     2 |       ||     2
  Throw: Throwing net      |       |     4 |       |     2 ||     6
         Dart              |       |       |     1 |     1 ||     2
  Evoke: Wand              |       |       |       |     2 ||     2
    Use: Scroll            |     3 |     5 |    16 |     3 ||    27
         Potion            |       |     1 |       |       ||     1
   Stab: Paralysed         |       |       |    12 |    38 ||    50
 Armour: Leather armour    |    21 |       |       |       ||    21
         Scale mail        |    40 |    86 |    22 |       ||   148
         Plate armour      |       |       |   349 |   257 ||   606
         Skin              |       |       |     1 |       ||     1
  Dodge: Dodged            |    52 |    66 |   143 |   105 ||   366

Table legend: (Time is in decaauts)
 A = Elapsed time spent in this place.
 B = Non-inter-level travel time spent in this place.
 C = Inter-level travel time spent in this place.
 D = Time resting spent in this place.
 E = Time spent auto-exploring this place.
 F = Levels seen in this place.
 G = Mean time per level.
                   A        B        C        D        E       F      G
               +--------+--------+--------+--------+--------+-----+--------+
         Total |  11177 |  10764 |    413 |    949 |   7705 |  12 |  931.4 |
       Dungeon |   9909 |   9496 |    413 |    823 |   6936 |  11 |  900.8 |
         Sewer |   1268 |   1268 |      0 |    126 |    769 |   1 | 1268.0 |
               +--------+--------+--------+--------+--------+-----+--------+

Top non-repeatable levels by time:
   Sewer: 1268 daAuts
     D:1: 1199 daAuts
     D:8: 1197 daAuts
     D:2: 1179 daAuts
    D:10: 1016 daAuts
     D:6: 968 daAuts
     D:3: 937 daAuts
     D:9: 896 daAuts
     D:4: 895 daAuts
     D:7: 810 daAuts
     D:5: 677 daAuts
    D:11: 128 daAuts
